 Dungeon Crawl Stone Soup version 0.29-a0-111-gbaf749a769 (webtiles) character file.

Game seed: 17284650057154486751

264 jlumianski the Firebug (level 6, -1/62 HPs)
             Began as a Hill Orc Fire Elementalist on Feb 17, 2022.
             Was an Initiate of Beogh.
             Slain by a killer bee (7 damage)
             ... on level 7 of the Dungeon.
             The game lasted 00:13:25 (3235 turns).

jlumianski the Firebug (Hill Orc Fire Elementalist) Turns: 3235, Time: 00:13:28

Health: -1/62      AC:  7    Str: 13    XL:     6   Next: 19%
Magic:  5/9        EV: 12    Int: 15    God:    Beogh [......]
Gold:   89         SH:  0    Dex: 11    Spells: 7/10 levels left

rFire   . . .      SeeInvis .   k - +1 hand axe (vorpal)
rCold   . . .      Faith    .   (no shield)
rNeg    . . .      Spirit   .   i - +2 robe of Gestures {Rampage rCorr}
rPois   .          Reflect  .   f - +2 helmet
rElec   .          Harm     .   (no cloak)
rCorr   +          Rampage  +   (no gloves)
Will    .....                   (no boots)
Stlth   ++........              s - amulet of Vitality {Regen+ HP+15}
HPRegen 1.00/turn               (no ring)
MPRegen 0.11/turn               (no ring)

@: lethally poisoned (-1 -> -2), hasted, very quick
A: no striking features
a: Renounce Religion


You were on level 7 of the Dungeon.
You worshipped Beogh.
Beogh was noncommittal.
You visited 1 branch of the dungeon, and saw 6 of its levels.

You collected 89 gold pieces.

Inventory:

Hand Weapons
 c - a +0 dagger
 j - a +4 dagger
 k - a +1 vorpal hand axe (weapon)
 l - a +1 hand axe of venom
Missiles
 e - 106 stones
 m - 6 datura-tipped darts
 q - 6 poisoned darts (quivered)
Armour
 a - a +0 robe
 f - a +2 helmet (worn)
 g - a +1 leather armour
 i - the +2 robe of Gestures (worn) {Rampage rCorr}
   (You found it on level 2 of the Dungeon)

   rCorr:     It protects you from acid and corrosion.
   Rampage:   It bestows one free step when moving towards enemies.
Jewellery
 s - the amulet of Vitality (around neck) {Regen+ HP+15}
   (You found it on level 3 of the Dungeon)

   [amulet of regeneration]

   HP:        It affects your health (+15).
   Regen:     It increases your rate of health regeneration.
Scrolls
 d - a scroll of holy word


   Skills:
 + Level 1.4 Fighting
 + Level 2.6 Axes
 + Level 1.1 Armour
 + Level 2.2 Dodging
 + Level 2.1 Stealth
 + Level 2.6 Spellcasting
 + Level 1.6 Conjurations
 + Level 4.7 Fire Magic


You had 7 spell levels left.
You knew the following spells:

 Your Spells              Type           Power      Damage    Failure   Level
a - Foxfire               Conj/Fire      44%        2x1d6     5%          1
b - Scorch                Fire           32%        2d7       4%          2

Your spell library contained the following spells:

 Spells                   Type           Power      Damage    Failure   Level
 Conjure Flame            Conj/Fire      11%        6-21      17%         3
 Inner Flame              Hex/Fire       9%         N/A       24%         3
 Flame Wave               Conj/Fire      11%        2d5       50%         4


Dungeon Overview and Level Annotations

Branches:
Dungeon (7/15)
 Temple: D:4-7

Altars:
Ru


Message History

* * * LOW HITPOINT WARNING * * *
The killer bee closely misses you. The hound bites you but does no damage.
You barely miss the killer bee.
The killer bee is severely wounded.
You miss the hound. You closely miss the killer bee.
You feel sick. The killer bee barely misses you. The killer bee stings you!
* * * LOW HITPOINT WARNING * * *
The hound barely misses you.
You miss the killer bee.
The killer bee is severely wounded.
You hit the hound. You completely miss the killer bee.
You feel sick. The killer bee barely misses you.
The killer bee closely misses you.
The killer bee stings you but does no damage.
The hound completely misses you. The killer bee misses you.
You feel better.
You feel less invigorated.
The killer bee is no longer more vulnerable to fire.
The killer bee stings you.
* * * LOW HITPOINT WARNING * * *
You are poisoned.
The killer bee poisons you! The killer bee stings you.
* * * LOW HITPOINT WARNING * * *
The hound bites you.
* * * LOW HITPOINT WARNING * * *
Casting: Scorch (safe; 4% risk of failure)
Confirm with . or Enter, or press ? or * to list all spells.
Flames lash the killer bee.
The killer bee is almost dead.
The killer bee's fire resistance burns away.
You feel sick. The killer bee barely misses you.
The killer bee stings you but does no damage.
The hound bites you.
* * * LOW HITPOINT WARNING * * *
The killer bee closely misses you.
Casting: Scorch (safe; 4% risk of failure)
Confirm with . or Enter, or press ? or * to list all spells.
Flames lash the killer bee.
The killer bee is burned terribly!
You kill the killer bee!
Beogh accepts your kill. The hound barely misses you.
The killer bee stings you!
You die...

... ......#
. ..#
#......# ..
..##.......
... .....
..# ... ...
... # #..
#.##.#..#
#..##h....#
#...@.<#
#..#..y#...#
...
###.#.......
. ....###...
.#.... #.
#.#.... #
##.... #####


You could see a hound and a killer bee.

Vanquished Creatures
  A necrophage (D:6)
  A bullfrog (D:7)
  A killer bee (D:7)
  Terence (D:2)
  A gnoll (D:3)
  4 adders
  An orc (D:6)
  5 bats
  3 endoplasms
  3 giant cockroaches
  7 goblins
  5 hobgoblins
  3 jackals (D:1)
  2 kobolds
  2 quokkas (D:1)
  3 ball pythons
  2 frilled lizards (D:1)
  5 rats
50 creatures vanquished.

Vanquished Creatures (others)
  An orc priest (D:6)
  50 foxfires
51 creatures vanquished.

Grand Total: 101 creatures vanquished

Notes
Turn   | Place    | Note
-------+----------+-------------------------------------------
     0 | D:1      | jlumianski the Hill Orc Fire Elementalist began the quest
                  | for the Orb.
     0 | D:1      | Reached XP level 1. HP: 14/14 MP: 3/3
   220 | D:1      | Reached XP level 2. HP: 20/20 MP: 2/4
   403 | D:2      | Learned a level 2 spell: Scorch
   870 | D:1      | Found a faded altar of an unknown god.
   926 | D:1      | Reached XP level 3. HP: 20/26 MP: 5/5
  1079 | D:1      | Reached skill level 4 in Fire Magic
  1705 | D:2      | Identified the +2 robe of Gestures {Rampage rCorr}
  1861 | D:2      | Noticed Terence
  1875 | D:2      | Killed Terence
  1876 | D:2      | Reached XP level 4. HP: 13/34 MP: 1/7
  2087 | D:2      | Found a sacrificial altar of Ru.
  2511 | D:2      | Reached skill level 1 in Armour
  2515 | D:3      | Found the amulet of Vitality {Regen+ HP+15}
  2642 | D:3      | Reached skill level 1 in Fighting
  2642 | D:3      | Reached skill level 1 in Axes
  2969 | D:3      | Reached XP level 5. HP: 40/40 MP: 5/8
  3068 | D:3      | You fall into a shaft and drop 3 floors!
  3077 | D:6      | Became a worshipper of Beogh the Brigand
  3082 | D:6      | Noticed a necrophage
  3098 | D:6      | Killed a necrophage
  3225 | D:7      | Reached XP level 6. HP: 14/47 MP: 3/9
  3231 | D:7      | HP: 1/62 [killer bee (8)]
  3235 | D:7      | Slain by a killer bee

Illustrated notes

Levels and vault maps discovered:
D:1:      sevenhm_arrival_forest_fort_small_3, layout_loops_corners,
          hellmonk_ecumenical_altar_zigzags
D:2:      layout_loops_corners, basic_altar, minmay_misc_feat_plants,
          grunt_ministairs_3, nrook_mini_backslash, uniq_terence
D:3:      layout_rooms, uniq_sigmund
D:4:      layout_loops_ring, marbit_many_paths,
          nicolae_hepliaklqana_monster_ancestors, serial_park_tiny_pond
D:6:      layout_rooms, mainiacjoe_overflow_alcove_2,
          minmay_temple_entry_slanted, serial_shops, shop, gup_sewer_entry_pipe,
          serial_glass, glass_columns_c, glass_columns_a,
          minmay_strange_pillars, item_on_display_a, feat_on_display,
          due_unseen_surprise, serial_bayou_lagoon_b
D:7:      hangedman_cross_stitches, layout_basic,
          nicolae_dithmenos_shadow_blocks, minmay_puff, uniq_pikel

Skill      XL: |  1  2  3  4  5 |
---------------+----------------+-----
Fire Magic     | 4 |  4.7
Spellcasting   | 2 |  2.6
Armour         | 1 |  1.1
Fighting       | 1 |  1.4
Axes           | 1 2 |  2.6
Stealth        | 2 |  2.1
Dodging        | 2 |  2.2
Conjurations   | |  1.6

Action                   |  1- 3 |  4- 6 || total
-------------------------+-------+-------++-------
Melee: Unarmed           |     2 |       ||     2
       Punch             |     1 |     1 ||     2
       Dagger            |    21 |       ||    21
       Hand axe          |    29 |    43 ||    72
 Cast: Foxfire           |    20 |     7 ||    27
       Scorch            |     4 |    12 ||    16
Invok: Convert to Beogh  |       |     1 ||     1
  Use: Scroll            |     7 |     6 ||    13
       Potion            |       |     4 ||     4
 Stab: Sleeping          |       |     1 ||     1
Armor: Leather armour    |    15 |       ||    15
       Robe              |     1 |    30 ||    31
Dodge: Dodged            |    37 |    67 ||   104

Table legend: (Time is in decaauts)
 A = Elapsed time spent in this place.
 B = Non-inter-level travel time spent in this place.
 C = Inter-level travel time spent in this place.
 D = Time resting spent in this place.
 E = Time spent auto-exploring this place.
 F = Levels seen in this place.
 G = Mean time per level.
                   A        B        C        D        E       F      G
               +--------+--------+--------+--------+--------+-----+--------+
         Total |   3248 |   3107 |    141 |    120 |   2143 |   6 |  541.3 |
       Dungeon |   3248 |   3107 |    141 |    120 |   2143 |   6 |  541.3 |
               +--------+--------+--------+--------+--------+-----+--------+

Top non-repeatable levels by time:
     D:1: 1550 daAuts
     D:2: 1189 daAuts
     D:3: 335 daAuts
     D:6: 147 daAuts
     D:4: 14 daAuts
     D:7: 11 daAuts
